Map: Ascension to Aiur LE

Players

Juxtapose - Winner!

  • Race: Zerg Zerg
  • Spawn Location: 5:00

EzComeEzGo

  • Race: Zerg Zerg
  • Spawn Location: 11:00

VOD

https://youtu.be/NH5Q3l29sQ0

Description

This is my most memorable public Multiplayer game of StarCraft II to date. It was an excellent, fun, very close game and my opponent seemed like a really good guy as well.

I'm just glad I left my original scouting Overlord in that specific spot, which was not any diabolical master plan or anything.

Time

  • Played on: May 12, 2017, 9:45 p.m.
  • Length: 12:41
Show
View Real Time Build Order
Export as new Build Order

Juxtapose Zerg - Winner!

Build Orders: Pool First, Muta Ling Bane 

Get SALT Encoding   

  12  0:01  Drone  
  13  0:13  Overlord  
  13  0:18  Drone  
  14  0:34  Drone x2  
  16  0:41  Overlord  
  16  0:57  Spawning Pool  
  16  0:58  Drone x2  
  17  1:11  Overlord, Extractor  
  17  1:18  Drone  
  17  1:33  Hatchery  
  16  1:43  Drone x2  
  18  1:49  Queen  
  18  1:53  Drone  
  21  2:03  Drone  
  22  2:12  Zergling x2  
  23  2:23  Extractor  
  22  2:32  Zergling x2  
  23  2:38  Queen  
  23  2:42  Drone  
  26  2:53  Drone  
  27  3:02  Drone x2  
  27  3:05  Drone x3  
  31  3:06  Drone  
  33  3:19  Overlord  
  33  3:27  Drone  
  33  3:30  Zergling x4  
  31  3:46  Zergling x4  
  31  3:47  Zergling x4  
  35  3:59  Metabolic Boost  
  35  4:04  Baneling Nest  
  34  4:10  Zergling x2  
  34  4:11  Drone x4  
  39  4:17  Queen  
  39  4:19  Queen  
  43  4:33  Drone x2  
  43  4:34  Drone x2  
  43  4:35  Drone  
  47  4:53  Drone x3  
  47  4:54  Drone  
  47  4:55  Evolution Chamber  
  47  4:58  Spine Crawler  
  49  5:01  Spine Crawler  
  49  5:04  Drone x3  
  49  5:05  Drone  
  52  5:08  Extractor  
  52  5:11  Extractor  
  50  5:14  Lair  
  50  5:28  Zergling x4  
  52  5:32  Overlord  
  52  5:33  Overlord  
  52  5:52  Drone x2  
  52  5:54  Drone x2  
  52  5:55  Drone x2  
  58  6:09  Baneling x4  
  58  6:12  Centrifical Hooks  
  58  6:14  Zerg Melee Weapons Level 1  
  58  6:19  Spire  
  57  6:26  Drone  
  57  6:27  Drone x5  
  57  6:29  Zergling x2  
  57  6:30  Zergling x8  
  68  6:37  Overlord  
  68  6:51  Hatchery  
  68  6:53  Baneling x4  
  68  6:54  Baneling x4  
  67  6:55  Baneling x2  
  69  7:01  Zergling x8  
  69  7:02  Zergling x2  
  69  7:03  Zergling x8  
  69  7:06  Overlord  
  76  7:35  Drone x5  
  81  7:38  Mutalisk  
  76  7:58  Queen  
  75  7:59  Queen  
  77  8:07  Mutalisk x6  
  77  8:08  Mutalisk  
  77  8:09  Zerg Ground Armor Level 1  
  78  8:23  Mutalisk  
  80  8:34  Queen, Spore Crawler  
  77  8:35  Queen  
  77  8:38  Spore Crawler  
  74  8:47  Spore Crawler  
  73  8:50  Spore Crawler  
  73  8:55  Drone x4  
  75  8:56  Drone x3  
  79  9:07  Mutalisk  
  81  9:25  Zerg Flyer Armor Level 1  
  81  9:40  Zergling x6  
  81  9:43  Zergling x6  
  81  9:44  Spore Crawler  
  81  9:45  Queen  
  88  9:48  Spore Crawler  
  87  9:57  Zergling x2  
  87  9:58  Zergling x4  
  87  9:59  Overlord x4  
  90  10:19  Drone x3  
  90  10:20  Queen  
  95  10:23  Extractor  
  95  10:26  Extractor  
  93  10:46  Mutalisk x3  
  99  10:57  Pneumatized Carapace  
  99  11:06  Overseer  
  93  11:34  Mutalisk x3  
  93  11:35  Mutalisk x3  
  105  11:42  Infestation Pit  
  104  11:57  Zergling x2  
  104  11:58  Zergling x6  
  83  12:23  Zergling x4  
  83  12:24  Zergling x2  
Show
View Real Time Build Order
Export as new Build Order

EzComeEzGo Zerg 

Build Orders: Hatch First 

Get SALT Encoding   

  12  0:03  Drone  
  13  0:15  Overlord  
  13  0:29  Drone  
  14  0:46  Hatchery  
  14  0:49  Drone  
  14  0:58  Drone x2  
  16  1:13  Spawning Pool  
  16  1:16  Drone  
  16  1:27  Drone x2  
  16  1:30  Extractor  
  17  2:02  Drone x3  
  17  2:04  Zergling x2  
  17  2:06  Queen  
  17  2:08  Queen  
  25  2:18  Spine Crawler  
  25  2:21  Zergling x2  
  25  2:28  Zergling x6  
  28  2:36  Extractor  
  27  2:40  Drone  
  28  2:55  Overlord x2  
  28  3:20  Drone x4  
  28  3:21  Drone  
  28  3:23  Zergling x12  
  38  3:43  Zergling x2  
  38  3:44  Zergling x4  
  37  3:51  Lair  
  37  3:52  Metabolic Boost  
  37  3:57  Drone  
  37  4:00  Drone  
  39  4:06  Drone  
  40  4:18  Zergling x8  
  40  4:20  Overlord  
  44  4:32  Extractor  
  44  4:35  Drone  
  44  4:36  Extractor, Drone  
  44  4:55  Drone, Spine Crawler  
  44  5:02  Drone x3  
  44  5:04  Zergling x2  
  48  5:16  Spire  
  47  5:29  Drone x3  
  47  5:31  Drone x2  
  52  5:54  Overlord x2  
  52  5:56  Overlord x2  
  52  6:14  Hatchery  
  52  6:15  Drone x4  
  52  6:16  Drone  
  52  6:17  Drone x3  
  59  6:25  Infestation Pit  
  58  6:28  Evolution Chamber  
  57  6:56  Mutalisk x3  
  57  7:00  Mutalisk x4  
  71  7:05  Hive  
  71  7:16  Mutalisk x3  
  71  7:21  Drone x2  
  79  7:39  Mutalisk  
  79  7:41  Mutalisk x2  
  80  7:58  Spine Crawler  
  79  8:06  Spine Crawler  
  67  8:25  Ultralisk Cavern  
  58  8:45  Drone x3  
  49  8:51  Hydralisk Den  
  49  8:52  Mutalisk x3  
  54  8:57  Spore Crawler  
  54  9:02  Spore Crawler  
  52  9:07  Spine Crawler  
  51  9:11  Spine Crawler  
  51  9:13  Spine Crawler  
  49  9:18  Mutalisk  
  49  9:19  Mutalisk x2  
  49  9:20  Mutalisk  
  49  9:21  Mutalisk  
  59  9:26  Hatchery  
  59  9:30  Ultralisk  
  64  9:32  Ultralisk  
  70  9:49  Ultralisk  
  70  9:51  Hydralisk  
  78  9:53  Hydralisk x2  
  82  10:05  Hydralisk  
  84  10:09  Overlord  
  84  10:27  Queen  
  86  10:51  Hatchery  
  86  10:53  Muscular Augments  
  86  10:54  Hydralisk x2  
  86  10:55  Hydralisk  
  86  10:57  Overlord x3  
  87  11:38  Hatchery  
  86  11:53  Drone x3  
  86  11:54  Drone x3  
  90  11:55  Drone  
  87  12:11  Drone  
  80  12:28  Spore Crawler  
Tags
 
Add a new tag
Caveats
  • Supply blocks, unpowered buildings, or Contaminate may cause inaccurate times.
  • Supply counts are checked every 10 seconds.